Unix NetHack Version 3.7.0-50 Work-in-progress - last build Feb 28 2022 15:24:21 (b377c2836c43ebb0b7db9ce427581073a701f771,branch:master). Game began 2022-03-01 20:26:22, ended 2022-03-01 20:41:49. wbn, lawful female human Samurai ---- |...--- --...<. |...-- |..-- ---..- |..... |.--- ... |.| ..... |.| ..>...| |.| --)..---- |.| --.....----|.| |..--.=..--.| ---.|---....----- --- |........| --.......| ---\..--- |.\-- ---- Wbn the Kunoichi St:13 Dx:15 Co:18 In:9 Wi:12 Ch:9 Lawful S:2100 Dlvl:9 $:18 HP:0(65) Pw:25(25) AC:4 Xp:6/379 T:824 Satiated Latest messages: You kill the gnome! Pick an object. In what direction? k The ya hits the giant spider! The gnome picks up 2 gems. In what direction? k You shoot 2 ya. The 1st ya misses the giant spider. The 2nd ya misses the giant spider. The giant spider bites! The giant spider bites! What do you want to wield? [- abcd or ?*] ? What do you want to wield? [- abcd or ?*] a a - a +0 katana (weapon in hand). c - a +0 yumi (alternate weapon; not wielded). The giant spider just misses! You miss the giant spider. The giant spider bites! You hit the giant spider! The giant spider bites! You hit the giant spider! The giant spider bites! The gnome shoots an arrow! You are hit by an arrow. You hit the giant spider. You hit the giant spider. The giant spider bites! You kill the giant spider! You see here an arrow. The gnome lord drinks a sky blue potion! Suddenly you cannot see the gnome lord. The gnome shoots an arrow! You are hit by an arrow! You hear the howling of the CwnAnnwn... You climb up the stairs. You hear crashing rock. There are several objects here. There are 2 slime molds here; eat one? [ynq] (n) n There is a gnome lord corpse here; eat it? [ynq] (n) y This gnome lord corpse tastes terrible! You hear crashing rock. You finish eating the gnome lord corpse. Pick an object. The blast of lightning hits you! You die... Do you want your possessions identified? [ynq] (y) y Do you want to see your attributes? [ynq] (y) y Do you want an account of creatures vanquished? [ynaq] (y) y Do you want to see your conduct and achievements? [ynq] (y) y Do you want to see the dungeon overview? [ynq] (y) y Major events: Turn 1: wbn the lawful female human Samurai entered the dungeon 4: ate for the first time - lichen corpse 36: hit with a wielded weapon for the first time 36: killed for the first time 37: consumed animal products for the first time, by eating a jackal corpse 99: entered new level 2, The Dungeons of Doom 219: entered new level 3, The Dungeons of Doom 246: entered a shop 272: gained experience level 2 284: attained the rank of Ronin (level 3) 327: gained experience level 4 445: entered new level 1, The Gnomish Mines 445: entered the Gnomish Mines 465: entered new level 2, The Gnomish Mines 470: entered new level 3, The Gnomish Mines 554: gained experience level 5 571: entered new level 4, The Gnomish Mines 644: reached Mine Town 709: entered new level 5, The Gnomish Mines 718: entered new level 6, The Gnomish Mines 779: entered new level 7, The Gnomish Mines 781: attained the rank of Kunoichi (level 6) Inventory: Coins $ - 18 gold pieces Weapons d - 4 +0 ya (in quiver) c - a +0 yumi (alternate weapon; not wielded) a - a +0 katana (weapon in hand) b - a +0 wakizashi Armor e - an uncursed rustproof +0 splint mail (being worn) Comestibles g - 2 uncursed gunyoki Scrolls h - an uncursed scroll of fire f - a cursed scroll of teleportation Tools i - an uncursed osaku j - a cursed partly used wax candle (lit) Wbn the Samurai's attributes: Background: You were a Kunoichi, a level 6 female human Samurai. You were lawful, on a mission for Amaterasu Omikami who was opposed by Raijin (neutral) and Susanowo (chaotic). You were in the Gnomish Mines, on level 9. You entered the dungeon 824 turns ago. You had 379 experience points, 261 more were needed to attain level 7. Your score was 2100 before end-of-game adjustments. Basics: You had 0 out of 65 hit points. You had all 25 energy points (spell power). Your armor class was 4. Your wallet contained 18 zorkmids. Autopickup was off. Final Characteristics: Your strength was 13 (limit:18/100). Your dexterity was 15 (limit:18). Your constitution was 18 (limit:18). Your intelligence was 9 (limit:18). Your wisdom was 12 (limit:18). Your charisma was 9 (limit:18). Final Status: You were satiated. You were unencumbered. You were wielding a long sword. You had basic skill with long sword. Final Attributes: You were fervently aligned. You were warded. You were fast. You are dead. Miscellaneous: You never encountered a bones level. Total elapsed playing time was 15 minutes and 26 seconds. Vanquished creatures: a large mimic a small mimic a giant spider 5 gnome leaders a little dog a dwarf an orc zombie 18 gnomes a gecko a jackal a kobold a goblin 3 lichens a newt 37 creatures vanquished. No species were genocided or became extinct. Voluntary challenges: You were an atheist. You were illiterate. You never engraved Elbereth. You never genocided any monsters. You never polymorphed an object. You never changed form. You used no wishes. Achievements: You entered a shop. You attained the rank of Ronin. You entered the Gnomish Mines. You entered Minetown. You attained the rank of Kunoichi. The Dungeons of Doom: levels 1 to 3 Level 1: A fountain. Level 2: Level 3: A scroll shop. Stairs down to The Gnomish Mines. The Gnomish Mines: levels 4 to 10 Level 4: Level 5: Level 6: Level 7: A fountain. Level 8: Level 9: <- You were here. Final resting place for you, killed by a blast of lightning. Level 10: Game over: ---------- / \ / REST \ / IN \ / PEACE \ / \ | wbn | | 18 Au | | killed by a | | blast of | | lightning | | | | 2022 | *| * * * | * _________)/\\_//(\/(/\)/\//\/|_)_______ Sayonara wbn the Samurai... You died in The Gnomish Mines on dungeon level 9 with 2099 points, and 18 pieces of gold, after 824 moves. You were level 6 with a maximum of 65 hit points when you died.